 Dungeon Crawl Stone Soup version 0.19.0-2-gae57169 (webtiles) character file.

119 Monkfish the Cutter (level 5, -4/51 HPs)
             Began as a Kobold Berserker on Nov 6, 2016.
             Was a Believer of Trog.
             Slain by an orc
             ... wielding a cursed +0 flail
              (10 damage)
             ... on level 3 of the Dungeon.
             The game lasted 00:02:52 (2001 turns).

Monkfish the Cutter (Kobold Berserker)              Turns: 2001, Time: 00:02:53

Health: -4/51      AC:  3    Str: 19    XL:     5   Next: 23%
Magic:  5/5        EV: 16    Int:  8    God:    Trog [**....]
Gold:   153        SH:  0    Dex: 16    Spells: 0 memorised, 4 levels left

rFire  . . .     SeeInvis .     a - +0 short sword
rCold  . . .     Gourm    .     j - +0 leather armour
rNeg   . . .     Faith    .     (shield restricted)
rPois  .         Spirit   .     (no helmet)
rElec  .         Reflect  .     (no cloak)
rCorr  .         Harm     .     (no gloves)
MR     ++...                    (no boots)
Stlth  ..........               (no amulet)
                                (no ring)
                                (no ring)

@: berserking, regenerating, very quick
A: carnivore 3
a: Berserk, Trog's Hand, Burn Spellbooks, Renounce Religion


You were on level 3 of the Dungeon.
You worshipped Trog.
Trog was pleased with you.
You were very full.

You visited 1 branch of the dungeon, and saw 3 of its levels.

You collected 153 gold pieces.

Inventory:

Hand Weapons
 a - a +0 short sword (weapon)
Armour
 j - a +0 leather armour (worn)
Jewellery
 i - an uncursed ring of protection from cold {unknown}
Scrolls
 b - a scroll of blinking {unknown}
 g - a scroll of random uselessness {unknown}
 h - a scroll of teleportation
Potions
 e - a potion of flight
Comestibles
 c - 2 meat rations
 d - a slice of pizza
 f - 2 beef jerkies


   Skills:
 + Level 4.3 Fighting
 + Level 4.9 Short Blades
 - Level 1.5 Armour
 + Level 3.2 Dodging
 * Level 3.3 Stealth


You had 4 spell levels left.
You didn't know any spells.

Dungeon Overview and Level Annotations

Branches:
Dungeon (3/15)

Altars:
Hepliaklqana
Zin


Innate Abilities, Weirdness & Mutations

You are small and have problems with some larger weapons.
You are carnivorous and can eat meat at any time.


Message History

You completely miss the orc wizard.
The orc wizard is heavily wounded.
You closely miss the orc wizard.
The orc wizard is heavily wounded.
The orc wizard casts a spell at you. The puff of flame hits you!
* * * LOW HITPOINT WARNING * * *
You are too injured to fight recklessly!
You are too injured to fight recklessly!
You are too injured to fight recklessly!
You are too injured to fight recklessly!
You are too injured to fight recklessly!
You are too injured to fight recklessly!
You hit the orc wizard.
The orc wizard is heavily wounded.
The orc wizard gestures at you while chanting.
The puff of flame hits you!
* * * LOW HITPOINT WARNING * * *
The orc hits you with a flail!
You die...

##.####.##..# #..#
........###..####.##
####.#............##
....... .##........##
....##..............#
#..# ###...........#
# ## ###.........#...
#......o...o..
#.....@o.o#...
#.........#...
#.........# .
#.........#
#..(......#
#..?......#
##.......## ##.....##


You could see an orc wizard and 3 orcs.

Vanquished Creatures
  5 adders (D:2)
  2 oozes
  2 dart slugs (D:1)
  6 orcs (D:3)
  5 giant cockroaches
  6 goblins
  3 hobgoblins (D:1)
  2 jackals (D:2)
  3 quokkas (D:2)
  A ball python (D:2)
  6 bats
  4 frilled lizards
  4 kobolds
  6 rats
55 creatures vanquished.

Notes
Turn   | Place    | Note
-------+----------+-------------------------------------------
     0 | D:1      | Monkfish the Kobold Berserker began the quest for the Orb.
     0 | D:1      | Reached XP level 1. HP: 14/14 MP: 1/1
   104 | D:1      | Reached skill level 1 in Stealth
   161 | D:1      | Reached XP level 2. HP: 16/19 MP: 2/2
   394 | D:1      | Reached XP level 3. HP: 11/24 MP: 3/3
  1007 | D:2      | Reached ** piety under Trog
  1038 | D:2      | Reached XP level 4. HP: 6/29 MP: 4/4
  1741 | D:2      | Found a hazy altar of Hepliaklqana.
  1741 | D:2      | Found a glowing silver altar of Zin.
  1832 | D:2      | Reached XP level 5. HP: 33/33 MP: 5/5
  2001 | D:3      | Slain by an orc

Skill      XL: |  1  2  3  4 |
---------------+-------------+-----
Stealth        | 1 2 3 |  3.3
Fighting       | 4 |  4.3
Dodging        | 3 |  3.2
Short Blades   | |  4.9
Armour         | |  1.5

Action                   |  1- 3 |  4- 6 || total
-------------------------+-------+-------++-------
Melee: Short sword       |   123 |    88 ||   211
Invok: Berserk           |     2 |     2 ||     4
       Trog's Hand       |       |     1 ||     1
  Use: Potion            |     5 |     5 ||    10
       Scroll            |     4 |     1 ||     5
 Stab: Sleeping          |     4 |     5 ||     9
  Eat: Chunk             |     9 |     6 ||    15
Armor: Animal skin       |     2 |       ||     2
       Leather armour    |    14 |    15 ||    29
Dodge: Dodged            |    83 |    72 ||   155
